 Dungeon Crawl Stone Soup version 0.20-a0-830-g2c9a30d (webtiles) character file.

21622 MrSteve the Thaumaturge (level 12, -1/73 HPs)
             Began as a Gargoyle Earth Elementalist on Mar 3, 2017.
             Was a High Priest of Vehumet.
             Slain by an ettin
             ... wielding a +0 dire flail
              (24 damage)
             ... on level 12 of the Dungeon on Mar 7, 2017.
             The game lasted 02:09:34 (15897 turns).

MrSteve the Thaumaturge (GrEE)                     Turns: 15897, Time: 02:09:35

Health: -1/73      AC: 22    Str: 13    XL:     12   Next: 91%
Magic:  0/26       EV: 12    Int: 27    God:    Vehumet [*****.]
Gold:   620        SH:  0    Dex: 14    Spells: 1/31 levels left

rFire    . . .     SeeInvis .   l - +8 whip "Noxyg" {freeze, *Noise Int+5 Dex+4}
rCold    . . .     Gourm    .   U - +0 troll leather armour
rNeg     + . .     Faith    .   (no shield)
rPois    ∞         Spirit   .   (no helmet)
rElec    +         Reflect  .   r - +0 cloak
rCorr    .         Harm     .   B - +2 pair of gloves
MR       +....                  A - +2 pair of boots
Stlth    ++........             Q - amulet of rage
Regen    0.7/turn               h - ring of protection from magic
MPRegen  0.2/turn               p - +2 ring of intelligence

@: no status effects
A: negative energy resistance 1, electricity resistance, unbreathing,
petrification resistance, rot immunity, AC +8
a: Renounce Religion, Evoke Berserk Rage


You were on level 12 of the Dungeon.
You worshipped Vehumet.
Vehumet was extremely pleased with you.
You were not hungry.

You visited 2 branches of the dungeon, and saw 13 of its levels.

You collected 827 gold pieces.
You spent 207 gold pieces at shops.

Inventory:

Hand Weapons
 i - a +2 dagger of distortion
 l - the +8 whip "Noxyg" (weapon) {freeze, *Noise Int+5 Dex+4}
   (You found it on level 4 of the Dungeon)

   It has been specially enchanted to freeze those struck by it, causing extra
   injury to most foes and up to half again as much damage against particularly
   susceptible opponents.
   It can also slow down cold-blooded creatures.
   It affects your intelligence (+5).
   It affects your dexterity (+4).
   It may make noises in combat.
 O - a +4 arbalest
Missiles
 s - 92 stones (quivered)
 v - 14 tomahawks
 M - 8 javelins
Armour
 r - a +0 cloak (worn)
 y - a +0 helmet
 A - a +2 pair of boots (worn)
 B - a +2 pair of gloves (worn)
 U - a +0 troll leather armour (worn)
Magical Staves
 w - an uncursed staff of earth
Jewellery
 e - an uncursed ring of protection from cold
 h - a ring of protection from magic (right hand)
 p - a +2 ring of intelligence (left hand)
 I - an uncursed amulet of magic regeneration {unknown}
 L - a cursed ring of teleportation {unknown}
 N - an uncursed ring of resist corrosion {unknown}
 Q - an amulet of rage (around neck)
 R - an uncursed ring of protection from cold
 V - an uncursed ring of resist corrosion {unknown}
Wands
 a - a wand of polymorph (16/24)
 g - a wand of iceblast (5/15)
 x - a wand of acid (4/15)
 D - a wand of flame (29/48)
 F - a wand of confusion (3/48)
 S - a wand of lightning (7/15)
 T - a wand of iceblast (5/15)
 X - a wand of lightning (7/15)
Scrolls
 b - a scroll of teleportation
 j - 7 scrolls of remove curse
 n - 3 scrolls of magic mapping
 q - a scroll of enchant armour
 H - a scroll of recharging
 Y - a scroll of amnesia
Potions
 c - a potion of mutation {unknown}
 f - 10 potions of curing
 o - a potion of degeneration {unknown}
 t - a potion of ambrosia {unknown}
 E - 2 potions of flight {unknown}
 G - 2 potions of magic {unknown}
 K - 2 potions of haste {unknown}
 P - a potion of invisibility {unknown}
 W - a potion of cancellation {unknown}
Books
 C - a book of Callings

   Spells                             Type                      Level
   a - Summon Small Mammal            Summoning                    1
   b - Call Imp                       Summoning                    2
   c - Call Canine Familiar           Summoning                    3
   d - Summon Guardian Golem          Hexes/Summoning              3
   e - Summon Lightning Spire         Summoning/Air                4
   f - Summon Ice Beast               Ice/Summoning                4
Miscellaneous
 m - a crystal ball of energy
Comestibles
 d - 2 bread rations
 k - 12 meat rations
 z - 11 royal jellies
 J - 2 fruits


   Skills:
 + Level 8.0 Fighting
 + Level 7.4 Maces & Flails
 + Level 7.7 Armour
 - Level 1.5 Dodging
 - Level 2.1 Stealth
 * Level 10.4 Spellcasting
 + Level 8.2 Conjurations
   Level 0.7 Transmutations
 + Level 5.2 Fire Magic
 + Level 10.2 Earth Magic
 + Level 3.6 Evocations


You had one spell level left.
You knew the following spells:

 Your Spells              Type           Power        Failure   Level  Hunger
a - Sandblast             Erth           ######       1%          1    None
b - Stone Arrow           Conj/Erth      ######       1%          3    None
c - Lee's Rapid Deconstr  Erth           ######....   1%          5    ###....
d - Conjure Flame         Conj/Fire      ######..     1%          3    None
e - Flame Tongue          Conj/Fire      #####        1%          1    None
f - Searing Ray           Conj           ######       1%          2    None
g - Force Lance           Conj/Tloc      #####...     3%          4    None
h - Sticky Flame          Conj/Fire      ######..     1%          4    None
i - Spellforged Servitor  Conj/Summ      #####.....   99%         7    ######.


Dungeon Overview and Level Annotations

Branches:
Dungeon (12/15)            Temple (1/1) D:7            Lair (0/6) D:8
    Orc (0/2) D:12

Altars:
Dithmenos
Elyvilon
Fedhas
Gozag
Hepliaklqana
Kikubaaqudgha
Makhleb
Okawaru
Ru
Sif Muna
Trog
Vehumet
Wu Jian
Xom
Yredelemnul
The Shining One

Shops:
D:10 ([}!?


Innate Abilities, Weirdness & Mutations

You are resistant to torment.
Your stone body is resilient. (AC +8)
You are immune to poison.
You resist negative energy. (rN+)
You are resistant to electric shocks. (rElec)
You can survive without breathing.
You are immune to petrification.
You are immune to rotting.


Message History

Confirm with . or Enter, or press ? or * to list all spells.
Aiming: Stone Arrow
Press: ? - help, Shift-Dir - straight line, f - ice beast, p - ettin
Aim: an ice beast (moderately wounded)
The stone arrow hits the ice beast.
You kill the ice beast!
Vehumet accepts your kill.
You feel your power returning. The ettin hits you with a dire flail.
* * * LOW HITPOINT WARNING * * *
The ettin closely misses you.
You see here a meat ration.
Casting: Stone Arrow
Confirm with . or Enter, or press ? or * to list all spells.
Aiming: Force Lance
Press: ? - help, Shift-Dir - straight line, f - ettin
Aim: an ettin, wielding a dire flail and a great mace (severely wounded)
The lance of force hits the ettin.
The ettin is severely wounded.
The ettin hits you with a dire flail!!
You die...

#...'...#####....# ... #....#
#...#.......#....# .... #....#
#...#.......#....#...... #...Y#
##'##..#####.....#.....#####....#
.......#.........###'###........>
########.........................
................................)
.................................
...............C@................
#######.................T.......#
#####...........#########.#
########....# #.# #....# #[#
#....# ### #.#### ##


You could see an ettin.

Vanquished Creatures
  An ettin (D:12)
  A deep elf high priest (D:12)
  4 two-headed ogres
  The ghost of Toogi the Warrior, a novice DsFi of Okawaru (D:9)
  A phantasmal warrior (D:12)
  Pikel (D:6)
  2 cyclopes
  A centaur zombie (D:12)
  Psyche (D:8)
  2 komodo dragons (D:12)
  5 trolls
  A hornet (D:10)
  7 slime creatures
  A hippogriff (D:9)
  A vampire (D:10)
  A wraith (D:10)
  23 yaks
  2 wyverns
  A hungry ghost (D:8)
  An acid dragon (D:12)
  2 soldier ants (D:8)
  A water moccasin (D:7)
  3 orc warriors
  6 ice beasts
  3 slaves (D:6)
  A necrophage (D:12)
  4 black bears
  A phantom (D:4)
  A sky beast (D:12)
  9 ogres
  8 centaurs
  A crocodile (D:12)
  A big kobold (D:12)
  10 bullfrogs
  6 killer bees (D:10)
  3 scorpions
  4 wights (D:6)
  2 howler monkeys
  9 crimson imps
  A bullfrog zombie (D:12)
  10 hounds
  2 quasits
  3 bullfrog skeletons
  5 jellies
  A gnoll shaman (D:5)
  9 orc priests
  13 orc wizards
  Ijyb (D:2)
  20 worker ants
  2 iguanas
  2 hound zombies
  A hound skeleton (D:8)
  A worker ant zombie (D:10)
  9 gnolls
  A howler monkey skeleton (D:8)
  14 adders
  A shadow imp (D:12)
  17 oozes (D:10)
  An adder skeleton (D:5)
  4 dart slugs
  5 leopard geckos
  41 orcs
  A ball python (D:3)
  10 bats
  6 giant cockroaches
  A goblin (D:2)
  4 hobgoblins
  8 jackals
  13 kobolds
  5 quokkas
  7 frilled lizards
  A giant cockroach zombie (D:5)
  A leopard gecko skeleton (D:4)
  9 rats
363 creatures vanquished.

Vanquished Creatures (others)
  A vampire (D:12)
  An orc priest (D:6)
  An orc wizard (D:6)
  3 orcs (D:6)
  2 fungi (D:10)
8 creatures vanquished.

Grand Total: 371 creatures vanquished

Notes
Turn   | Place    | Note
-------+----------+-------------------------------------------
     0 | D:1      | MrSteve the Gargoyle Earth Elementalist began the quest for the Orb.
     0 | D:1      | Reached XP level 1. HP: 10/10 MP: 3/3
   199 | D:1      | Reached XP level 2. HP: 15/15 MP: 0/5
   742 | D:1      | Reached XP level 3. HP: 19/19 MP: 4/7
  1329 | D:2      | Noticed Ijyb
  1330 | D:2      | Learned a level 3 spell: Stone Arrow
  1343 | D:2      | Killed Ijyb
  1343 | D:2      | Reached XP level 4. HP: 21/24 MP: 6/8
  1940 | D:3      | Found a faded altar of an unknown god.
  1977 | D:3      | Found a shadowy altar of Dithmenos.
  2025 | D:3      | Became a worshipper of Ru the Awakened
  2026 | D:3      | Fell from the grace of Ru
  2166 | D:3      | Reached skill level 1 in Conjurations
  2250 | D:3      | Found an opulent altar of Gozag.
  2338 | D:3      | Reached XP level 5. HP: 7/28 MP: 10/10
  2564 | D:3      | Found a white marble altar of Elyvilon.
  2849 | D:4      | Noticed an ogre
  2849 | D:4      | Noticed an ogre
  2955 | D:4      | Learned a level 5 spell: Lee's Rapid Deconstruction
  3245 | D:4      | Noticed an ogre
  3261 | D:4      | Reached skill level 5 in Earth Magic
  3339 | D:4      | Reached XP level 6. HP: 32/32 MP: 10/12
  3734 | D:4      | Reached XP level 7. HP: 31/37 MP: 10/14
  3816 | D:4      | Reached skill level 5 in Spellcasting
  3827 | D:4      | Found a shimmering altar of Xom.
  3830 | D:4      | Reached skill level 1 in Fighting
  3830 | D:4      | Reached skill level 1 in Maces & Flails
  3946 | D:4      | Reached skill level 1 in Armour
  4168 | D:4      | Got a crude whip
  4311 | D:4      | Reached XP level 8. HP: 45/45 MP: 10/16
  4815 | D:5      | Entered Level 5 of the Dungeon
  4838 | D:5      | Upgraded the game from 0.20-a0-809-gaf7f668 to 0.20-a0-828-gbdc6353
  4838 | D:5      | Upgraded the game from 0.20-a0-828-gbdc6353 to 0.20-a0-830-g2c9a30d
  5036 | D:5      | Found a hazy altar of Hepliaklqana.
  5656 | D:6      | Noticed Pikel
  5680 | D:6      | Killed Pikel
  5680 | D:6      | Reached XP level 9. HP: 32/52 MP: 1/19
  5848 | D:6      | Reached skill level 5 in Conjurations
  6306 | D:6      | Found an ancient bone altar of Kikubaaqudgha.
  6306 | D:6      | Found a deep blue altar of Sif Muna.
  6313 | D:6      | Identified Sif Muna's Handbook of Calling
  6330 | D:6      | Found a radiant altar of Vehumet.
  6429 | D:6      | Became a worshipper of Vehumet
  6499 | D:6      | Found a deep blue altar of Sif Muna.
  7082 | D:7      | Found a bloodstained altar of Trog.
  7620 | D:7      | Found a staircase to the Ecumenical Temple.
  7882 | D:7      | Found a burning altar of Makhleb.
  8055 | Temple   | Entered the Ecumenical Temple
  8089 | Temple   | Learned a level 3 spell: Conjure Flame
  8136 | D:8      | Reached XP level 10. HP: 58/58 MP: 14/21
  8139 | D:8      | Reached skill level 5 in Fighting
  8309 | D:8      | Found a staircase to the Lair.
  8312 | D:8      | Found an iron altar of Okawaru.
  8444 | D:8      | Found a blossoming altar of Fedhas.
  8450 | D:8      | Reached * piety under Vehumet
  8450 | D:8      | Offered knowledge of Flame Tongue by Vehumet.
  8450 | D:8      | Reached skill level 5 in Armour
  8453 | D:8      | Learned a level 1 spell: Flame Tongue
  8663 | D:8      | Noticed Psyche
  8665 | D:8      | Noticed a two-headed ogre
  8672 | D:8      | Killed Psyche
  8675 | D:8      | Killed a two-headed ogre
  8675 | D:8      | Reached skill level 5 in Maces & Flails
  8675 | D:8      | Reached skill level 1 in Fire Magic
  9140 | D:8      | Noticed a two-headed ogre
  9472 | D:8      | Killed a two-headed ogre
  9665 | D:8      | Identified the +8 whip "Noxyg" {freeze, *Noise Int+5 Dex+4} (You found it on level 4 of the Dungeon)
  9684 | D:8      | Offered knowledge of Searing Ray by Vehumet.
  9688 | D:8      | Learned a level 2 spell: Searing Ray
  9759 | D:8      | Found a sacrificial altar of Ru.
  9794 | D:8      | Noticed a two-headed ogre
  9808 | D:8      | Killed a two-headed ogre
  9808 | D:8      | Reached XP level 11. HP: 64/64 MP: 12/23
  9882 | D:9      | Noticed Toogi's ghost (novice DsFi)
  9936 | D:9      | Reached ** piety under Vehumet
 10683 | D:9      | Killed Toogi's ghost
 11173 | D:10     | Entered Level 10 of the Dungeon
 11489 | D:10     | Found Veckep's Magic Scroll Shoppe.
 11497 | D:10     | Bought a scroll of identify for 26 gold pieces
 11497 | D:10     | Bought 2 scrolls of identify for 52 gold pieces
 11497 | D:10     | Bought a scroll of identify for 26 gold pieces
 11600 | D:10     | Reached skill level 1 in Evocations
 11775 | D:10     | Found Utennoaps's Antique Armour Shoppe.
 11804 | D:10     | Bought an embroidered robe for 103 gold pieces
 11851 | D:10     | Offered knowledge of Inner Flame by Vehumet.
 12125 | D:10     | Reached *** piety under Vehumet
 12243 | D:10     | Found Jythu's Antique Weapon Shoppe.
 12361 | D:10     | Found Nuzuawk's Distillery.
 12430 | D:10     | Found Taeli's Gadget Shop.
 12529 | D:10     | Offered knowledge of Force Lance by Vehumet.
 12544 | D:10     | Learned a level 4 spell: Force Lance
 13039 | D:11     | Reached XP level 12. HP: 72/72 MP: 18/25
 13076 | D:11     | Reached **** piety under Vehumet
 13339 | D:11     | Offered knowledge of Sticky Flame by Vehumet.
 13345 | D:11     | Learned a level 4 spell: Sticky Flame
 13849 | D:12     | Found a burning altar of Makhleb.
 13872 | D:12     | Identified a scroll of acquirement
 14012 | D:12     | Noticed an ettin
 14015 | D:12     | Reached skill level 10 in Spellcasting
 14141 | D:12     | Found a staircase to the Orcish Mines.
 14413 | D:12     | Killed an ettin
 14744 | D:12     | Noticed an ettin
 15131 | D:12     | Reached skill level 10 in Earth Magic
 15180 | D:12     | Noticed a deep elf high priest
 15188 | D:12     | Killed a deep elf high priest
 15188 | D:12     | Reached skill level 5 in Fire Magic
 15416 | D:12     | Reached ***** piety under Vehumet
 15513 | D:12     | Offered knowledge of Spellforged Servitor by Vehumet.
 15522 | D:12     | Learned a level 7 spell: Spellforged Servitor
 15602 | D:12     | Noticed a two-headed ogre
 15614 | D:12     | Killed a two-headed ogre
 15897 | D:12     | Slain by an ettin

Vault maps used:
D:1:      mrwooster_arrival_arrow
D:2:      uniq_iyjb
D:3:      elyvilon_altar_5, grunt_gozag_statues,
          grunt_dithmenos_smoke_and_mirrors, chequers_ecumenical_altar_island
D:4:      led_xom_imps, first_bread
D:5:      nicolae_overflow_crystal_walls
D:6:      palyth_temple_overflow_mages, basic_altar, st_stairs_7, uniq_pikel
D:7:      trog_ov_bears_minmay, kennysheep_little_box, temple_green
D:8:      lemuel_round_altar, okawaru_gym_becter, lemuel_coloured_pillars_altar,
          dpeg_oklobed_lair, hangedman_pestilent_swarm, uniq_psyche
D:10:     lemuel_slime, serial_shops, nicolae_shop_statue_plus, shop_scrolls,
          kennysheep_mini_moat, shop, shop_statue
D:12:     minmay_chopped_fan, basic_altar
Temple:   dpeg_three_leaves_temple

Skill      XL: |  1  2  3  4  5  6  7  8  9 10 11 12 |
---------------+-------------------------------------+-----
Earth Magic    | 4 5 6 7 8 9 10 | 10.2
Spellcasting   | 3 4 5 6 7 8 9 10 | 10.4
Conjurations   | 1 2 3 4 5 6 7 8 |  8.2
Fighting       | 2 4 6 7 8 |  8.0
Maces & Flails | 2 3 4 5 6 7 |  7.4
Armour         | 1 3 4 5 6 7 |  7.7
Fire Magic     | 2 4 5 |  5.2
Evocations     | 2 3 |  3.6
Dodging        | |  1.5
Stealth        | |  2.1
Transmutations | |  0.7

Action                   |  1- 3 |  4- 6 |  7- 9 | 10-12 || total
-------------------------+-------+-------+-------+-------++-------
Melee: Club              |    16 |       |       |       ||    16
       Short sword       |     6 |   126 |    86 |       ||   218
       Mace              |       |       |    28 |    18 ||    46
       Whip              |       |       |       |   154 ||   154
 Cast: Sandblast         |    39 |    32 |    67 |    94 ||   232
       Stone Arrow       |       |       |    89 |   243 ||   332
       Flame Tongue      |       |       |       |    18 ||    18
       Conjure Flame     |       |       |       |    13 ||    13
       Lee's Rapid Decon |       |       |       |    36 ||    36
       Force Lance       |       |       |       |    10 ||    10
       Sticky Flame      |       |       |       |     4 ||     4
Invok: Renounce Religion |       |     1 |       |       ||     1
Evoke: Wand              |       |       |       |     3 ||     3
  Use: Scroll            |       |     2 |    11 |    20 ||    33
       Potion            |       |     1 |       |     1 ||     2
 Stab: Sleeping          |     1 |     2 |       |       ||     3
  Eat: Chunk             |     2 |     7 |    15 |    28 ||    52
       Bread ration      |       |       |       |     1 ||     1
Armor: Robe              |    15 |    38 |    78 |   112 ||   243
       Troll leather arm |       |       |       |   103 ||   103
Dodge: Dodged            |    26 |   102 |    97 |   175 ||   400
